 Dungeon Crawl Stone Soup version 0.16.1-11-g651b585 (webtiles) character file.

417 Trafet the Conjurer (level 6, -5/53 HPs)
             Began as an Ogre Wizard on Apr 3, 2015.
             Slain by a wyvern (17 damage)
             ... on level 3 of the Dungeon.
             The game lasted 00:14:54 (4941 turns).

Trafet the Conjurer (Ogre Wizard)                   Turns: 4941, Time: 00:14:54

Health: -5/53      AC:  9    Str: 13    XL:     6   Next: 92%
Magic:  1/13       EV:  9    Int: 19    God:
Gold:   118        SH:  0    Dex:  8    Spells: 5 memorised, 1 level left

rFire  . . .     SeeInvis .     v - +1 dagger (protect)
rCold  . . .     Clarity  .     a - +0 robe
rNeg   . . .     SustAb   .     (shield restricted)
rPois  .         Gourm    .     b - +1 hat
rElec  .         Spirit   .     (no cloak)
rCorr  .         Warding  .     (gloves unavailable)
rMut   .         Stasis   .     (boots unavailable)
MR     .....                    (no amulet)
Stlth  ++........               (no ring)
                                m - ring of stealth

@: very slightly contaminated, repel missiles, not resistant to hostile
enchantments, unstealthy
A: unfitting armour, tough skin 1
a: no special abilities


You were on level 3 of the Dungeon.
You were hungry.

You visited 1 branch of the dungeon, and saw 4 of its levels.
You also visited: Sewer.

You collected 118 gold pieces.

Inventory:

Hand weapons
 i - a +0 club
 v - a +1 dagger of protection (weapon)
 w - a cursed +0 spear
Armour
 a - a +0 robe (worn)
 b - a +1 hat (worn)
 y - a +0 robe
Jewellery
 m - a ring of stealth (left hand)
 r - an uncursed ring of see invisible
 z - a cursed ring of loudness {unknown}
Scrolls
 e - 2 scrolls of remove curse
 g - a scroll of identify
 n - 2 scrolls of fog
 o - a scroll of blinking {unknown}
 p - a scroll of fear {unknown}
 s - a scroll of random uselessness {unknown}
 u - a scroll of magic mapping {unknown}
Potions
 t - a potion of poison
 A - a potion of cancellation
 C - 2 potions of flight
Books
 c - a book of Minor Magic

   Spells                             Type                      Level
   a - Magic Dart                     Conjuration                  1
   b - Blink                          Translocation                2
   c - Call Imp                       Summoning                    2
   d - Repel Missiles                 Charms/Air                   2
   e - Slow                           Hexes                        2
   f - Conjure Flame                  Conjuration/Fire             3
   g - Mephitic Cloud                 Conjuration/Poison/Air       3
Comestibles
 d - 2 meat rations
 f - a slice of pizza
 j - a fruit
 x - a beef jerky
 B - a bread ration


   Skills:
 - Level 1.7 Dodging
 - Level 1.5 Stealth
 - Level 3.6 Spellcasting
 + Level 5.2 Conjurations
   Level 0.6 Summonings
 - Level 0.6 Translocations


You had one spell level left.
You knew the following spells:

 Your Spells              Type           Power        Failure   Level  Hunger
a - Magic Dart            Conj           ###.         1%          1    None
b - Mephitic Cloud        Conj/Pois/Air  ##......     21%         3    ###....
c - Conjure Flame         Conj/Fire      ##......     14%         3    ###....
d - Blink                 Tloc           N/A          17%         2    ##.....
e - Repel Missiles        Chrm/Air       #.....       24%         2    ##.....


Dungeon Overview and Level Annotations

Branches:
Dungeon (4/15)
 Temple: D:4-7

Altars:
Elyvilon
Vehumet


Innate Abilities, Weirdness & Mutations

You are too large for most types of armour.
You have tough skin (AC +1).


Message History

Unknown command.
Read which item? (? for menu, Esc to quit)
As you read the scroll labeled SOIMIA HEALU, it crumbles to dust.
The creatures around you are filled with an inner flame!
It was a scroll of immolation.
The wyvern bites you but does no damage.
Read which item? (? for menu, Esc to quit)
As you read the scroll labeled SIBLOJ OCZU, it crumbles to dust.
It is a scroll of enchant armour.
Enchant which item? (? for menu, Esc to quit)
Your +0 hat glows green for a moment.
The wyvern closely misses you. The wyvern bites you!
* * * LOW HITPOINT WARNING * * *
Read which item? (? for menu, Esc to quit)
As you read the scroll labeled DEUMIJ BRIEN, it crumbles to dust.
Forget which spell ([?*] list [ESC] exit)?
Forget which spell ([?*] list [ESC] exit)?
Okay, then.
It was a scroll of amnesia.
The wyvern bites you!
You die...

....................# #.#
#................#### #.#
#........##.##.#.#######.#
##.....####.##.>#........#
##...## #.####.#########
##.#.# #.# #)# ##.#.(#
#.####.########## ..###.#
#.....D.........# ##.#.##
######@...#####.#
.....##### #.......# #.#
#..#.....# #.......# #.#
.....###.# #.......# #.#
##.### #.# ###...### #.#
≈#.# #.# #...# #.# ≈#.#
#.# ##.## #.# ≈#.# #.# #.#
#.# ≈#.#####.# #####.# #.#


You could see a wyvern (inner flame).

Vanquished Creatures
  A black bear (D:4)
  A big kobold (Sewer)
  2 orc priests (D:4)
  Jessica (D:3)
  3 adders
  5 gnolls
  6 river rats
  A worm (D:2)
  2 orcs (D:4)
  5 giant cockroaches
  6 hobgoblins
  A jackal (Sewer)
  11 kobolds
  2 quokkas (D:2)
  3 bats
  2 giant geckos
  4 giant newts
  4 goblins
  18 rats
78 creatures vanquished.

Vanquished Creatures (others)
  A hobgoblin (D:2)
1 creature vanquished.

Grand Total: 79 creatures vanquished

Notes
Turn   | Place    | Note
--------------------------------------------------------------
     0 | D:1      | Trafet, the Ogre Wizard, began the quest for the Orb.
     0 | D:1      | Reached XP level 1. HP: 16/16 MP: 4/4
   164 | D:1      | Reached skill level 1 in Conjurations
   425 | D:1      | Reached XP level 2. HP: 24/24 MP: 0/6
  1505 | D:2      | Reached XP level 3. HP: 20/31 MP: 0/8
  1975 | D:2      | Found a white marble altar of Elyvilon.
  2082 | D:2      | Reached XP level 4. HP: 31/39 MP: 2/10
  2349 | D:2      | Found a radiant altar of Vehumet.
  3236 | D:3      | Reached XP level 5. HP: 31/45 MP: 6/11
  3362 | D:3      | Noticed Jessica
  3370 | D:3      | Killed Jessica
  3837 | D:3      | Found a glowing drain.
  3853 | D:3      | Reached skill level 4 in Conjurations
  3865 | Sewer    | Entered a sewer
  3990 | Sewer    | Learned a level 3 spell: Mephitic Cloud
  3994 | Sewer    | Learned a level 3 spell: Conjure Flame
  3997 | Sewer    | Learned a level 2 spell: Blink
  4000 | Sewer    | Learned a level 2 spell: Repel Missiles
  4164 | Sewer    | Reached XP level 6. HP: 12/53 MP: 0/13
  4420 | Sewer    | Found a white marble altar of Elyvilon.
  4797 | D:4      | Reached skill level 5 in Conjurations
  4912 | D:4      | Noticed a wyvern
  4941 | D:3      | Slain by a wyvern

Action                   |  1- 3 |  4- 6 || total
-------------------------+-------+-------++-------
Melee: Club              |    15 |    11 ||    26
       Dagger            |       |    96 ||    96
 Cast: Magic Dart        |    85 |   154 ||   239
       Mephitic Cloud    |       |     5 ||     5
       Repel Missiles    |       |     1 ||     1
       Conjure Flame     |       |     1 ||     1
  Use: Potion            |     3 |     3 ||     6
       Scroll            |       |     9 ||     9
 Stab: Confused          |       |     3 ||     3
  Eat: Chunk             |     4 |     6 ||    10
       Fruit             |       |     3 ||     3
